 Dungeon Crawl Stone Soup version 0.30.0-20-g3615ddf2f0 (webtiles) character file.

Game seed: 5587916763663103601

123 qw the Chopper (level 5, -6/32 HPs)
             Began as a Gargoyle Fighter on May 29, 2023.
             Mangled by Terence
             ... wielding a +4 heavy hand axe
              (12 damage)
             ... on level 2 of the Dungeon.
             The game lasted 00:00:49 (1395 turns).

qw the Chopper (Gargoyle Fighter)                   Turns: 1395, Time: 00:00:49

Health: -6/32      AC: 10    Str: 22    XL:     5   Next: 7%
Magic:  5/5        EV: 14    Int:  8    God:
Gold:   62         SH:  4    Dex:  9    Spells: 4/4 levels left

rFire   . . .        Y - +0 war axe
rCold   . . .        c - +0 buckler
rNeg    + . .        b - +0 scale mail
rPois   inf          (no helmet)
rElec   +            (no cloak)
rCorr   .            (no gloves)
SInv    .            (no boots)
Will    .....        (no amulet) Stlth
                     f - +5 ring of evasion
HPRegen 0.25/turn    (no ring)
MPRegen 0.09/turn

%: no passive effects
@: about to teleport
A: sickness immunity, AC +4, negative energy resistance 1, electricity
resistance, torment resistance 1, petrification resistance
a: no special abilities


You were on level 2 of the Dungeon.
You visited 1 branch of the dungeon, and saw 2 of its levels.

You collected 62 gold pieces.


Innate Abilities, Weirdness & Mutations

You are immune to sickness and miasma.
Your stone body is resilient. (AC +4)
You are immune to poison.
You resist negative energy. (rN+)
You are resistant to electric shocks. (rElec)
You are resistant to unholy torment.
You are immune to petrification.


   Skills:
 - Level 3.2 Fighting
 + Level 4.6 Axes
 - Level 3.2 Armour
 - Level 3.2 Shields


You had 4 spell levels left.
You didn't know any spells.
Your spell library was empty.

Inventory:

Hand Weapons
 j - a +0 whip
 Y - a +0 war axe (weapon)
Armour
 b - a +0 scale mail (worn)
 c - a +0 buckler (worn)
 i - a +0 cloak
 o - a +1 helmet
Jewellery
 f - a +5 ring of evasion (left hand)
 m - an amulet of regeneration
Scrolls
 a - a scroll of identify
 n - a scroll of amnesia {unknown}
Potions
 d - a potion of might
 e - a potion of attraction
 g - a potion of curing {unknown}
 h - a potion of heal wounds {unknown}
 k - a potion of brilliance {unknown}

Dungeon Overview and Level Annotations

Branches:
Dungeon (2/15)

Altars:

Annotations:
D:2 Natasha, Terence


Message History

Terence is lightly wounded.
You slash the jackal!
You kill the jackal!
Terence hits you but does no damage.
You hit Terence.
Terence is lightly wounded.
You barely miss the jackal. You hit the jackal but do no damage.
The jackal bites you but does no damage.
The jackal bites you. The jackal closely misses you.
Terence hits you with a +4 heavy hand axe.
You block the jackal's attack.
You slash Terence!
Terence is severely wounded.
You completely miss the jackal. You hit the jackal but do no damage.
You block the jackal's attack. The jackal misses you. x2
You barely miss Terence.
Terence is severely wounded.
You barely miss the jackal. You hit the jackal. The jackal closely misses you.
Terence completely misses you. The jackal closely misses you.
The jackal completely misses you.
You closely miss Terence.
Terence is severely wounded.
You closely miss the jackal. You hit the jackal.
You kill the jackal!
The jackal closely misses you.
Terence hits you with a +4 heavy hand axe!
The jackal barely misses you. The hobgoblin closely misses you.
1394 ||| READING scroll of teleportation.
As you read the scroll of teleportation, it crumbles to dust.
You feel strangely unstable. The jackal closely misses you.
Terence closely misses you. The hobgoblin barely misses you.
The jackal bites you but does no damage.
You hit Terence.
Terence is almost dead.
You closely miss the jackal. You hit the hobgoblin but do no damage.
The jackal bites you but does no damage.
The hobgoblin misses you.
Terence hits you with a +4 heavy hand axe!
You die...

#.####.....## #...
#.#.........# ##..
#.##....##..###...
#.##.#............
#.#..######..#.###
# #.#.## ##...###
##.##%#.#
####....##
#....)..#
#.........
#...h@###
#....###.##
#...g@# ...## #.#
#.<...h. ... #.##
#......... .# #...
..[........ ####
............
######
.............
#.....
.$............
#..... #.>...


You could see Terence, Natasha, a jackal and a hobgoblin.

Vanquished Creatures
  Jessica (D:2)
  Robin (D:2)
  A gnoll (D:1)
  An adder (D:2)
  2 dart slugs (D:1)
  An orc (D:2)
  5 bats
  4 endoplasms
  2 giant cockroaches
  11 goblins
  6 hobgoblins
  5 jackals
  3 quokkas
  4 ball pythons
  3 frilled lizards
  2 kobolds (D:2)
  5 rats
57 creatures vanquished.

Notes
Turn   | Place    | Note
-------+----------+-------------------------------------------
     0 | D:1      | qw the Gargoyle Fighter began the quest for the Orb.
     0 | D:1      | Reached XP level 1. HP: 14/14 MP: 1/1
     0 | D:1      | 0 ||| qw: Version: 0.2-a-101-gf424e7f
     0 | D:1      | 0 ||| qw: Game counter: 279
     0 | D:1      | 0 ||| qw: Always use a shield: true
     0 | D:1      | 0 ||| qw: God list: Okawaru
     0 | D:1      | 0 ||| qw: Allow faded altars: false
     0 | D:1      | 0 ||| qw: Do Orc after D:15 true
     0 | D:1      | 0 ||| qw: Do second Lair branch before Depths: true
     0 | D:1      | 0 ||| qw: Lair rune preference: random
     0 | D:1      | 0 ||| qw: Plans: Normal, Zot:1-4, Slime:5, God:TSO, Crypt,
                  | Tomb, Pan, Hells, Abyss, Win
     0 | D:1      | 0 ||| PLANNING D:1-11
    48 | D:1      | 48 ||| Stepping ~*~*~tactically~*~*~ (stealth).
    53 | D:1      | Reached skill level 2 in Axes
   142 | D:1      | Reached XP level 2. HP: 17/19 MP: 2/2
   362 | D:1      | Reached skill level 3 in Axes
   426 | D:1      | Reached XP level 3. HP: 16/23 MP: 3/3
   532 | D:1      | 532 ||| DROPPING +0 club.
   539 | D:1      | 539 ||| Stepping ~*~*~tactically~*~*~ (hiding).
  1043 | D:1      | 1043 ||| UPGRADING to +5 ring of evasion.
  1044 | D:1      | 1044 ||| READING 2 scrolls labelled QAUVVELLUIBB.
  1045 | D:1      | 1045 ||| READING 2 scrolls labelled INONKE XYITUI.
  1048 | D:1      | 1048 ||| READING scroll labelled ZOQAEZ VOZAETRO.
  1049 | D:1      | 1049 ||| READING scroll labelled ZYGIMP TORAAPP.
  1050 | D:1      | 1050 ||| DRINKING 2 black potions.
  1062 | D:2      | 1062 ||| STAIRDANCE
  1195 | D:2      | Noticed Jessica
  1196 | D:2      | 1196 ||| Stepping ~*~*~tactically~*~*~ (stealth).
  1197 | D:2      | 1197 ||| Stepping ~*~*~tactically~*~*~ (hiding).
  1207 | D:2      | 1207 ||| Stepping ~*~*~tactically~*~*~ (stealth).
  1207 | D:2      | Noticed Robin
  1208 | D:2      | 1208 ||| Stepping ~*~*~tactically~*~*~ (hiding).
  1216 | D:2      | Killed Jessica
  1217 | D:2      | Reached skill level 4 in Axes
  1217 | D:2      | Reached XP level 4. HP: 24/28 MP: 4/4
  1219 | D:2      | Killed Robin
  1315 | D:2      | Reached XP level 5. HP: 29/32 MP: 5/5
  1384 | D:2      | Noticed Terence
  1385 | D:2      | 1385 ||| Stepping ~*~*~tactically~*~*~ (stealth).
  1386 | D:2      | Noticed Natasha
  1393 | D:2      | HP: 6/32 [Terence/+4 heavy hand axe (9)]
  1394 | D:2      | 1394 ||| READING scroll of teleportation.
  1395 | D:2      | Mangled by Terence

Levels and vault maps discovered:
D:1:      roderic_dead_forest, layout_basic
D:2:      layout_rooms, item_on_display_b, uniq_robin, uniq_terence,
          uniq_jessica, uniq_natasha

Skill      XL: |  1  2  3 |
---------------+----------+-----
Axes           | 2 3 4 |  4.6
Fighting       | |  3.2
Armour         | |  3.2
Shields        | |  3.2

Action                     |  1- 3 |  4- 6 || total
---------------------------+-------+-------++-------
  Melee: War axe           |   106 |    33 ||   139
  Throw: Boomerang         |     2 |       ||     2
    Use: Scroll            |     4 |     1 ||     5
         Potion            |     1 |       ||     1
 Armour: Scale mail        |    75 |    23 ||    98
  Dodge: Dodged            |    60 |    34 ||    94
  Block: Buckler           |    12 |     9 ||    21

Table legend:
 A = Non-vault XP
 B = Vault XP
 C = Vault XP percentage of total XP
 D = Non-vault monster count
 E = Vault monster count
 F = Vault count percentage of total count
                 A         B        C        D         E       F
            +---------+---------+-------+---------+---------+-------
      Total |     104 |      72 |  40.9 |      45 |      12 |  21.1
            +---------+---------+-------+---------+---------+-------
        D:1 |      61 |       0 |   0.0 |      25 |       0 |   0.0
        D:2 |      43 |      72 |  62.6 |      20 |      12 |  37.5
            +---------+---------+-------+---------+---------+-------
